| TOP OF THE 1ST |
|
New York Mets batting - Pitching for Los Angeles Dodgers : RHP David Garcia
|
|
Pitching: RHP David Garcia
|
|
|
Batting: LHB John Kruk
|
0-0: Swinging Strike 0-1: Swinging Strike 0-2: Strikes out looking
|
|
Batting: RHB Jason Sickman
|
0-0: Ball 1-0: Foul Ball, location: 2F 1-1: Swinging Strike 1-2: Strikes out swinging
|
|
Batting: LHB Lyman Bostock
|
0-0: Swinging Strike 0-1: Ball 1-1: Ball 2-1: Ball 3-1: Base on Balls
|
|
Batting: RHB Garry Maddox
|
0-0: Ball 1-0: Ball 2-0: Called Strike 2-1: Called Strike 2-2: Fly out, F9 (Flyball, 9S, EV 85.0 MPH)
|
| Top of the 1st over - 0 runs, 0 hits, 0 errors, 1 left on base; New York 0 - Los Angeles 0 |
| BOTTOM OF THE 1ST |
|
Los Angeles Dodgers batting - Pitching for New York Mets : RHP Kip Young
|
|
Pitching: RHP Kip Young
|
|
|
Batting: RHB Billy Sample
|
0-0: Ball 1-0: Ball 2-0: Foul Ball, location: 2F 2-1: Ball 3-1: Base on Balls
|
|
Batting: RHB Mike Shelton
|
0-0: Ball 1-0: Foul Ball, location: 2F 1-1: Ball 2-1: Foul Ball, location: 2F 2-2: Foul Ball, location: 2F 2-2: Foul Ball, location: 2F 2-2: Ball 3-2: Grounds into double play, 6-4-3 (Groundball, 6D, EV 103.1 MPH)
|
|
Batting: RHB Dick Davis
|
0-0: Ball 1-0: Ground out 4-3 (Groundball, 4MS, EV 66.9 MPH)
|
| Bottom of the 1st over - 0 runs, 0 hits, 0 errors, 0 left on base; New York 0 - Los Angeles 0 |
| TOP OF THE 2ND |
|
New York Mets batting - Pitching for Los Angeles Dodgers : RHP David Garcia
|
|
Batting: SHB Ken Singleton
|
0-0: Called Strike 0-1: Ball 1-1: Foul Ball, location: 2F 1-2: Ball 2-2: Hit by Pitch
|
|
Batting: RHB Bill Almon
|
0-0: Ball 1-0: Swinging Strike 1-1: Ball 2-1: Swinging Strike 2-2: Ball 3-2: Foul Ball, location: 2F 3-2: Foul Ball, location: 2F 3-2: Strikes out swinging
|
|
Batting: RHB Gary Redus
|
0-0: Called Strike 0-1: Ground out 5-3 (Groundball, 56S, EV 68.8 MPH) Ken Singleton to second
|
|
Batting: RHB Rick Burleson
|
0-0: SINGLE (Groundball, 6MD, EV 99.4 MPH) Ken Singleton to third Runner from 3rd tries for Home, SAFE, throw by CF to home
|
|
Batting: RHB Kip Young
|
0-0: Ball 1-0: Swinging Strike 1-1: Swinging Strike 1-2: Strikes out swinging
|
| Top of the 2nd over - 1 run, 1 hit, 0 errors, 1 left on base; New York 1 - Los Angeles 0 |
| BOTTOM OF THE 2ND |
|
Los Angeles Dodgers batting - Pitching for New York Mets : RHP Kip Young
|
|
Batting: RHB Gary Gaetti
|
0-0: Called Strike 0-1: Foul Ball, location: 2F 0-2: Ball 1-2: Ground out 5-3 (Groundball, 5S, EV 68.1 MPH)
|
|
Batting: SHB Chris W Smith
|
0-0: Ball 1-0: Called Strike 1-1: Foul Ball, location: 2F 1-2: Strikes out looking
|
|
Batting: RHB Toby Harrah
|
0-0: Ball 1-0: Foul Ball, location: 2F 1-1: Foul Ball, location: 2F 1-2: Foul Ball, location: 2F 1-2: Ground out 5-3 (Groundball, 5S, EV 68.8 MPH)
|
| Bottom of the 2nd over - 0 runs, 0 hits, 0 errors, 0 left on base; New York 1 - Los Angeles 0 |
| TOP OF THE 3RD |
|
New York Mets batting - Pitching for Los Angeles Dodgers : RHP David Garcia
|
|
Batting: LHB John Kruk
|
0-0: Swinging Strike 0-1: Foul Ball, location: 2F 0-2: Ball 1-2: Strikes out looking
|
|
Batting: RHB Jason Sickman
|
0-0: Ball 1-0: Ball 2-0: Ball 3-0: Fly out, F8 (Line Drive, 8LD, EV 90.0 MPH)
|
|
Batting: LHB Lyman Bostock
|
0-0: SINGLE (Line Drive, 9S, EV 110.6 MPH)
|
|
Batting: RHB Garry Maddox
|
0-0: Ball 1-0: Foul Ball, location: 2F 1-1: Ball 2-1: Ball 3-1: SINGLE (Groundball, 6D, EV 95.0 MPH) Lyman Bostock to second Runner from 2nd tries for 3rd, SAFE, throw by CF made to third
|
|
Batting: SHB Ken Singleton
|
0-0: Ball 1-0: Called Strike 1-1: Swinging Strike 1-2: Ball 2-2: Ball 3-2: Fly out, F8 (Flyball, 8LM, EV 88.8 MPH)
|
| Top of the 3rd over - 0 runs, 2 hits, 0 errors, 2 left on base; New York 1 - Los Angeles 0 |
| BOTTOM OF THE 3RD |
|
Los Angeles Dodgers batting - Pitching for New York Mets : RHP Kip Young
|
|
Batting: RHB Roberto Reyes
|
0-0: SINGLE (Groundball, 6D, EV 102.5 MPH)
|
|
Batting: RHB Dennis Littlejohn
|
0-0: Foul Ball, location: 2F 0-1: Foul Ball, location: 2F 0-2: Strikes out swinging
|
|
Batting: SHB David Garcia
|
0-0: Ball 1-0: Sac Bunt to 13S - play at first, batter OUT! 1-4 Roberto Reyes to second
|
|
Batting: RHB Billy Sample
|
0-0: Ball 1-0: Called Strike 1-1: Fly out, F9 (Flyball, 9, EV 89.4 MPH)
|
| Bottom of the 3rd over - 0 runs, 1 hit, 0 errors, 1 left on base; New York 1 - Los Angeles 0 |
| TOP OF THE 4TH |
|
New York Mets batting - Pitching for Los Angeles Dodgers : RHP David Garcia
|
|
Batting: RHB Bill Almon
|
0-0: Called Strike 0-1: Ball 1-1: Swinging Strike 1-2: Strikes out looking
|
|
Batting: RHB Gary Redus
|
0-0: Ball 1-0: Swinging Strike 1-1: Ball 2-1: Foul Ball, location: 2F 2-2: Strikes out swinging
|
|
Batting: RHB Rick Burleson
|
0-0: Ball 1-0: Ball 2-0: Called Strike 2-1: Swinging Strike 2-2: Ball 3-2: SINGLE (Flyball, 6D, EV 83.8 MPH)
|
|
Batting: RHB Kip Young
|
0-0: Ball 1-0: Ball 2-0: Called Strike 2-1: Foul Ball, location: 2F 2-2: Fly out, F3 (Popup, 3SF, EV 72.5 MPH)
|
| Top of the 4th over - 0 runs, 1 hit, 0 errors, 1 left on base; New York 1 - Los Angeles 0 |
| BOTTOM OF THE 4TH |
|
Los Angeles Dodgers batting - Pitching for New York Mets : RHP Kip Young
|
|
Batting: RHB Mike Shelton
|
0-0: Ball 1-0: Ball 2-0: Swinging Strike 2-1: Ball 3-1: Called Strike 3-2: Strikes out swinging
|
|
Batting: RHB Dick Davis
|
0-0: Swinging Strike 0-1: Ball 1-1: Ball 2-1: Ball 3-1: Base on Balls
|
|
Batting: RHB Gary Gaetti
|
0-0: Fly out, F8 (Flyball, 8RD, EV 108.8 MPH)
|
|
Batting: SHB Chris W Smith
|
0-0: Ball 1-0: Ball Dick Davis steals 2nd base 2-0: SINGLE (Groundball, 34D, EV 103.1 MPH) Dick Davis to third Runner from 3rd tries for Home, SAFE, throw by RF to home
|
|
Batting: RHB Toby Harrah
|
0-0: Called Strike 0-1: Fly out, F4 (Popup, 34, EV 78.8 MPH)
|
| Bottom of the 4th over - 1 run, 1 hit, 0 errors, 1 left on base; New York 1 - Los Angeles 1 |
| TOP OF THE 5TH |
|
New York Mets batting - Pitching for Los Angeles Dodgers : RHP David Garcia
|
|
Batting: LHB John Kruk
|
0-0: Ball 1-0: Swinging Strike 1-1: Ball 2-1: Ball 3-1: Base on Balls
|
|
Batting: RHB Jason Sickman
|
0-0: Ball 1-0: Foul Ball, location: 2F 1-1: Bunted foul 1-2: Grounds into double play, 5-4-3 (Groundball, 56S, EV 78.8 MPH)
|
|
Batting: LHB Lyman Bostock
|
0-0: Ball 1-0: Called Strike 1-1: Foul Ball, location: 2F 1-2: Foul Ball, location: 2F 1-2: Foul Ball, location: 2F 1-2: Ball 2-2: Reached on error, E8 (Line Drive, 8RD, EV 90.0 MPH)
|
|
Batting: RHB Garry Maddox
|
0-0: Called Strike 0-1: Ball 1-1: Ball 2-1: Ball 3-1: SINGLE (Line Drive, 7S, EV 94.4 MPH) Lyman Bostock to third Runner from 3rd tries for Home, SAFE, throw by LF to home
|
|
Batting: SHB Ken Singleton
|
0-0: Ball Garry Maddox steals 2nd base 1-0: Foul Ball, location: 2F 1-1: Ball 2-1: Ball 3-1: Foul Ball, location: 2F 3-2: Fly out, F1 (Line Drive, P, EV 69.4 MPH)
|
| Top of the 5th over - 1 run, 1 hit, 1 error, 1 left on base; New York 2 - Los Angeles 1 |
| BOTTOM OF THE 5TH |
|
Los Angeles Dodgers batting - Pitching for New York Mets : RHP Kip Young
|
|
Batting: RHB Roberto Reyes
|
0-0: Swinging Strike 0-1: Foul Ball, location: 2F 0-2: Ball 1-2: Strikes out looking
|
|
Batting: RHB Dennis Littlejohn
|
0-0: Foul Ball, location: 2F 0-1: Ball 1-1: Ball 2-1: SINGLE (Line Drive, 9S, EV 88.1 MPH)
|
|
Batting: SHB David Garcia
|
0-0: Ball 1-0: Sac Bunt to 13S - play at first, batter OUT! 1-4 Dennis Littlejohn to second
|
|
Batting: RHB Billy Sample
|
0-0: Ball 1-0: Fly out, F8 (Flyball, 8RD, EV 91.9 MPH)
|
| Bottom of the 5th over - 0 runs, 1 hit, 0 errors, 1 left on base; New York 2 - Los Angeles 1 |
| TOP OF THE 6TH |
|
New York Mets batting - Pitching for Los Angeles Dodgers : RHP David Garcia
|
|
Batting: RHB Bill Almon
|
0-0: Called Strike 0-1: Ground out 5-3 (Groundball, 6S, EV 66.9 MPH)
|
|
Batting: RHB Gary Redus
|
0-0: Ball 1-0: Ball 2-0: Fly out, F6 (Line Drive, 6, EV 68.8 MPH)
|
|
Batting: RHB Rick Burleson
|
0-0: Ball 1-0: Ball 2-0: Called Strike 2-1: SINGLE (Groundball, 56D, EV 101.3 MPH)
|
|
Batting: RHB Kip Young
|
0-0: Ball 1-0: Ball 2-0: Called Strike 2-1: Ball 3-1: Swinging Strike 3-2: Strikes out swinging
|
| Top of the 6th over - 0 runs, 1 hit, 0 errors, 1 left on base; New York 2 - Los Angeles 1 |
| BOTTOM OF THE 6TH |
|
Los Angeles Dodgers batting - Pitching for New York Mets : RHP Kip Young
|
|
Batting: RHB Mike Shelton
|
0-0: Called Strike 0-1: Called Strike 0-2: Foul Ball, location: 2F 0-2: Fly out, F6 (Popup, 6S, EV 70.6 MPH)
|
|
Batting: RHB Dick Davis
|
0-0: Called Strike 0-1: Ball 1-1: Ball 2-1: Fly out, F6 (Line Drive, 6, EV 76.3 MPH)
|
|
Batting: RHB Gary Gaetti
|
0-0: Ball 1-0: Fly out, F7 (Line Drive, 7LM, EV 95.0 MPH)
|
| Bottom of the 6th over - 0 runs, 0 hits, 0 errors, 0 left on base; New York 2 - Los Angeles 1 |
| TOP OF THE 7TH |
|
New York Mets batting - Pitching for Los Angeles Dodgers : RHP David Garcia
|
|
Batting: LHB John Kruk
|
0-0: Called Strike 0-1: Ball 1-1: SINGLE (Flyball, 5D, EV 96.3 MPH)
|
|
Batting: RHB Jason Sickman
|
0-0: Called Strike John Kruk steals 2nd base 0-1: Called Strike 0-2: Foul Ball, location: 2F 0-2: Ball 1-2: Foul Ball, location: 2F 1-2: Strikes out looking and he ARGUES THE CALL AND IS TOSSED!
|
|
Batting: LHB Lyman Bostock
|
0-0: Intentional Walk
|
|
Batting: RHB Garry Maddox
|
0-0: Ball 1-0: Ball 2-0: Ball 3-0: Base on Balls John Kruk to third Lyman Bostock to second
|
|
Batting: SHB Ken Singleton
|
0-0: DOUBLE (Line Drive, 89M, EV 104.4 MPH) John Kruk scores Lyman Bostock scores Garry Maddox to third Runner from 3rd tries for Home, SAFE, throw by RF to trailing runner, SAFE at third!
|
|
Batting: RHB Bill Almon
|
0-0: Called Strike 0-1: Ball 1-1: Foul Ball, location: 2F 1-2: Ball 2-2: Foul Ball, location: 2F 2-2: Foul Ball, location: 2F 2-2: Ball 3-2: SINGLE (Line Drive, 8RS, EV 98.1 MPH) Ken Singleton scores
|
|
Pitching: RHP Robert Polinsky
|
|
|
Batting: RHB Gary Redus
|
0-0: Called Strike 0-1: Foul Ball, location: 2F 0-2: Strikes out swinging
|
|
Batting: RHB Rick Burleson
|
0-0: Ball 1-0: Called Strike 1-1: Foul Ball, location: 2F 1-2: Strikes out looking
|
| Top of the 7th over - 4 runs, 3 hits, 0 errors, 1 left on base; New York 6 - Los Angeles 1 |
| BOTTOM OF THE 7TH |
|
Los Angeles Dodgers batting - Pitching for New York Mets : RHP Kip Young
|
|
Now at C: Terry Kennedy
|
|
|
Batting: SHB Chris W Smith
|
0-0: SINGLE (Line Drive, 6MD, EV 103.1 MPH)
|
|
Batting: RHB Toby Harrah
|
0-0: Ball Chris W Smith steals 2nd base 1-0: Foul Ball, location: 2F 1-1: Ball 2-1: Called Strike 2-2: Foul Ball, location: 2F 2-2: Ball 3-2: SINGLE (Line Drive, 6MD, EV 106.9 MPH) Chris W Smith to third Runner from 3rd tries for Home, throw by CF and OUT! 8-2
|
|
Batting: RHB Roberto Reyes
|
0-0: Swinging Strike Toby Harrah steals 2nd base 0-1: Ball 1-1: Ball 2-1: Swinging Strike 2-2: Ground out 5-3 (Groundball, 5, EV 102.5 MPH)
|
|
Batting: RHB Dennis Littlejohn
|
0-0: Called Strike 0-1: Called Strike 0-2: Ball 1-2: Ball 2-2: Ball 3-2: Fly out, F9 (Line Drive, 9, EV 106.3 MPH)
|
| Bottom of the 7th over - 0 runs, 2 hits, 0 errors, 1 left on base; New York 6 - Los Angeles 1 |
| TOP OF THE 8TH |
|
New York Mets batting - Pitching for Los Angeles Dodgers : RHP Robert Polinsky
|
|
Batting: RHB Kip Young
|
0-0: Foul Ball, location: 2F 0-1: Called Strike 0-2: Ball 1-2: Ball 2-2: Foul Ball, location: 2F 2-2: Strikes out looking
|
|
Batting: LHB John Kruk
|
0-0: SOLO HOME RUN (Flyball, 9LD, EV 96.3 MPH), Distance : 355 ft
|
|
Batting: LHB Terry Kennedy
|
0-0: Called Strike 0-1: Swinging Strike 0-2: Ball 1-2: Strikes out looking
|
|
Batting: LHB Lyman Bostock
|
0-0: Ball 1-0: Called Strike 1-1: Foul Ball, location: 2F 1-2: SINGLE (Line Drive, 78S, EV 113.1 MPH)
|
|
Batting: RHB Garry Maddox
|
0-0: Called Strike 0-1: Foul Ball, location: 2F 0-2: Ball 1-2: Strikes out swinging
|
| Top of the 8th over - 1 run, 2 hits, 0 errors, 1 left on base; New York 7 - Los Angeles 1 |
| BOTTOM OF THE 8TH |
|
Los Angeles Dodgers batting - Pitching for New York Mets : RHP Kip Young
|
|
Pinch Hitting: LHB Ronald Jackson
|
0-0: Called Strike 0-1: Ball 1-1: Ball 2-1: Called Strike 2-2: Fly out, F3 (Popup, 3F, EV 57.5 MPH)
|
|
Batting: RHB Billy Sample
|
0-0: Ball 1-0: Foul Ball, location: 2F 1-1: Ball 2-1: Ball 3-1: Base on Balls
|
|
Batting: RHB Mike Shelton
|
0-0: Ball 1-0: Ball 2-0: Called Strike 2-1: Foul Ball, location: 2F 2-2: Ball 3-2: Foul Ball, location: 2F 3-2: DOUBLE (Flyball, 89XD, EV 96.3 MPH) Billy Sample to third Billy Sample scores
|
|
Batting: RHB Dick Davis
|
0-0: Ball 1-0: Called Strike 1-1: Ball 2-1: Foul Ball, location: 2F 2-2: Foul Ball, location: 2F 2-2: Foul Ball, location: 2F 2-2: Ball 3-2: Ground out 2-3 (Groundball, 15S, EV 76.3 MPH) Mike Shelton to third
|
|
Batting: RHB Gary Gaetti
|
0-0: Ball 1-0: Ball 2-0: Ground out 1-3 (Groundball, 13S, EV 66.3 MPH)
|
| Bottom of the 8th over - 1 run, 1 hit, 0 errors, 1 left on base; New York 7 - Los Angeles 2 |
| TOP OF THE 9TH |
|
New York Mets batting - Pitching for Los Angeles Dodgers : RHP Robert Polinsky
|
|
Pitching: RHP Mike Witt
|
|
|
Batting: SHB Ken Singleton
|
0-0: Ball 1-0: Fly out, F8 (Flyball, 78D, EV 87.5 MPH)
|
|
Batting: RHB Bill Almon
|
0-0: Called Strike 0-1: Ground out 6-3 (Groundball, 56, EV 103.1 MPH)
|
|
Batting: RHB Gary Redus
|
0-0: Called Strike 0-1: Foul Ball, location: 2F 0-2: Ball 1-2: Ball 2-2: Fly out, F8 (Flyball, 8RD, EV 100.0 MPH)
|
| Top of the 9th over - 0 runs, 0 hits, 0 errors, 0 left on base; New York 7 - Los Angeles 2 |
| BOTTOM OF THE 9TH |
|
Los Angeles Dodgers batting - Pitching for New York Mets : RHP Kip Young
|
|
Batting: SHB Chris W Smith
|
0-0: DOUBLE (Groundball, 3L, EV 108.1 MPH)
|
|
Batting: RHB Toby Harrah
|
0-0: Called Strike 0-1: Foul Ball, location: 2F 0-2: Fly out, F8 (Flyball, 8RM, EV 73.8 MPH)
|
|
Batting: RHB Roberto Reyes
|
0-0: Called Strike 0-1: Ground out 5-3 (Groundball, 5S, EV 81.3 MPH)
|
|
Batting: RHB Dennis Littlejohn
|
0-0: Ball 1-0: Foul Ball, location: 2F
|
|
|